 Dungeon Crawl Stone Soup version 0.25-a0-201-g0bb11aece9 (webtiles) character file.

Game seed: 5246370116568491501, levelgen mode: deterministic

2938 MisterFreud the Reanimator (level 9, -5/66 HPs)
             Began as a Gnoll Necromancer on Dec 2, 2019.
             Was an Initiate of Ashenzari.
             Slain by a two-headed ogre
             ... wielding a cursed -3 giant club
              (22 damage)
             ... on level 8 of the Dungeon.
             The game lasted 00:23:58 (7885 turns).

MisterFreud the Reanimator (Gnoll Necromancer)      Turns: 7885, Time: 00:23:59

Health: -5/66      AC:  4    Str: 10    XL:     9   Next: 80%
Magic:  19/19      EV: 16    Int: 21    God:    Ashenzari [......]
Gold:   8          SH:  0    Dex: 16    Spells: 13/21 levels left

rFire    . . .     SeeInvis .   t - +1 long sword (curse)
rCold    . . .     Gourm    .   (no shield)
rNeg     . . .     Faith    .   a - +1 robe
rPois    .         Spirit   .   (no helmet)
rElec    .         Reflect  .   (no cloak)
rCorr    .         Harm     .   s - +0 pair of gloves
MR       .....                  (no boots)
Stlth    +++.......             (no amulet)
HPRegen  0.21/turn              (no ring)
MPRegen  0.16/turn              (no ring)

@: lightly drained
A: distributed training, fangs 1, strong nose
a: Curse Item, Renounce Religion


You were on level 8 of the Dungeon.
You worshipped Ashenzari.
Ashenzari was noncommittal.
You were not hungry.

You visited 2 branches of the dungeon, and saw 9 of its levels.
You also visited: Ossuary.

You collected 167 gold pieces.
You spent 159 gold pieces at shops.

Inventory:

Hand Weapons
 t - a cursed +1 long sword (weapon)
Missiles
 d - 78 bolts
 e - 32 arrows
 g - 108 stones (quivered)
 p - 21 poisoned darts
 u - 5 boomerangs
Armour
 a - a +1 robe (worn)
 s - a +0 pair of gloves (worn)
Scrolls
 f - a scroll of identify
 h - a scroll of enchant armour
 j - a scroll of fog
 o - 6 scrolls of teleportation
 v - 2 scrolls of amnesia
Potions
 b - 2 potions of heal wounds
 i - 4 potions of curing
 l - 2 potions of flight
 m - a potion of ambrosia {unknown}
 n - 4 potions of lignification
 q - a potion of resistance {unknown}
 r - a potion of might {unknown}
 w - a potion of cancellation {unknown}
Comestibles
 c - 7 rations
 k - 10 chunks of flesh


   Skills:
 + Level 4.5(4.2) Fighting
 + Level 4.5(4.2) Short Blades
 + Level 4.5(4.2) Long Blades
 + Level 4.5(4.2) Axes
 + Level 4.5(4.2) Maces & Flails
 + Level 4.5(4.2) Polearms
 + Level 4.5(4.2) Staves
 + Level 4.5(4.2) Slings
 + Level 4.5(4.2) Bows
 + Level 4.5(4.2) Crossbows
 + Level 4.5(4.2) Throwing
 + Level 4.5(4.2) Armour
 + Level 6.5(6.2) Dodging
 + Level 6.2(5.9) Stealth
 + Level 4.5(4.2) Shields
 + Level 4.5(4.2) Unarmed Combat
 + Level 6.8(6.5) Spellcasting
 + Level 3.7(3.4) Conjurations
 + Level 3.7(3.4) Hexes
 + Level 3.7(3.4) Charms
 + Level 3.7(3.4) Summonings
 + Level 8.1(7.8) Necromancy
 + Level 3.7(3.4) Translocations
 + Level 3.7(3.4) Transmutations
 + Level 3.7(3.4) Fire Magic
 + Level 3.7(3.4) Ice Magic
 + Level 3.7(3.4) Air Magic
 + Level 3.7(3.4) Earth Magic
 + Level 3.7(3.4) Poison Magic
 + Level 5.0(4.7) Invocations
 + Level 4.5(4.2) Evocations


You had 13 spell levels left.
You knew the following spells:

 Your Spells              Type           Power        Failure   Level  Hunger
a - Pain                  Necr           ####         1%          1    None
b - Animate Skeleton      Necr           N/A          1%          1    None
c - Vampiric Draining     Necr           #####.....   1%          3    #......
d - Regeneration          Chrm/Necr      ####......   2%          3    #......

Your spell library contained the following spells:

 Spells                   Type           Power        Failure   Level  Hunger
 Magic Dart               Conj           ###.         2%          1    None
 Poisonous Vapours        Pois/Air       ###...       3%          2    None
 Searing Ray              Conj           ###...       3%          2    None
 Animate Dead             Necr           N/A          3%          4    ###....
 Conjure Flame            Conj/Fire      ###.....     7%          3    #......
 Dazzling Spray           Conj/Hex       ###...       7%          3    #......
 Mephitic Cloud           Conj/Pois/Air  ###.....     7%          3    #......
 Force Lance              Conj/Tloc      ###.....     22%         4    ###....
 Fulminant Prism          Conj/Hex       ###.......   22%         4    ###....
 Iskenderun's Mystic Bla  Conj           ###.....     22%         4    ###....
 Freezing Cloud           Conj/Ice/Air   ###.......   98%         6    ######.
 Ring of Flames           Chrm/Fire      ###.......   100%        7    #######


Dungeon Overview and Level Annotations

Branches:
Dungeon (8/15)             Temple (1/1) D:6         Ossuary (visited)
   Lair: D:8-11

Altars:
Ashenzari
Dithmenos
Fedhas
Gozag
Hepliaklqana
Kikubaaqudgha
Makhleb
Nemelex Xobeh
Okawaru
Ru
Sif Muna
Trog
Wu Jian
Xom
Yredelemnul
Zin
The Shining One

Shops:
D:6 !!*

Annotations:
D:8 Maurice


Innate Abilities, Weirdness & Mutations

Your experience applies equally to all skills.
You have very sharp teeth.
Your uncanny sense of smell can sniff out nearby items.


Message History

Your bullfrog skeleton is destroyed!
Something hits your howler monkey skeleton.
Something shocks your howler monkey skeleton.
Something hits your howler monkey skeleton.
Something shocks your howler monkey skeleton.
An ogre comes into view. It is wielding a +0 giant club.
Something barely misses your howler monkey skeleton.
The two-headed ogre hits you with a cursed -3 giant club!
The two-headed ogre hits you with a +0 giant club!
Your howler monkey skeleton hits the two-headed ogre.
Something completely misses your howler monkey skeleton.
Found a burning altar of Makhleb.
The sentinel's mark upon you fades away.
There is an open door here.
You hit the two-headed ogre.
The two-headed ogre is lightly wounded.
The two-headed ogre hits you with a cursed -3 giant club!!
* * * LOW HITPOINT WARNING * * *
The two-headed ogre hits you with a +0 giant club!!
You die...

# #.#.# #.)...##.#.#####
########.#'#######.....#
... ..
................#####..#
#.. ###
#####...........######.#
∆ #
....'..........((.O)OO.#
#
#####.........###O###Z.#
# #.........# .# #.##
#.........###.###.#
#####.....ZO@_###.#
####..###.###.# #..# .#
#.. ##### #..# '# #..
....## #... .. ...
.....# #... ## .###+#
#### .# .#


You could see a two-headed ogre, 2 ogres and a friendly howler monkey skeleton.

Vanquished Creatures
  A hornet (D:6)
  Prince Ribbit (D:5)
  Eustachio (D:5)
  A sky beast (D:6)
  An orc warrior (D:7)
  2 phantoms
  An ice beast (D:5)
  An ogre (D:7)
  2 centaurs
  Blork the orc (D:5)
  2 elf zombies (Ossuary)
  2 bullfrogs
  A scorpion (D:4)
  A howler monkey (D:5)
  2 wights (D:7)
  2 centaur zombies (Ossuary)
  4 crimson imps
  A human zombie (Ossuary)
  A bullfrog skeleton (D:7)
  A hound (D:6)
  6 orc wizards
  6 orc priests
  An iguana (D:8)
  Terence (D:3)
  4 worker ants
  2 big kobold zombies (Ossuary)
  A hound skeleton (D:7)
  2 mummies (Ossuary)
  8 adders
  4 gnolls (D:6)
  3 shadow imps
  2 oozes
  An adder skeleton (D:6)
  A worm (D:5)
  3 dart slugs
  2 leopard geckos
  31 orcs
  5 bats
  2 giant cockroaches
  5 goblins
  2 hobgoblins
  11 jackals
  3 kobolds
  4 quokkas
  A ball python (D:2)
  4 frilled lizards
  3 goblin zombies (Ossuary)
  8 hobgoblin zombies (Ossuary)
  A jackal zombie (Ossuary)
  11 kobold zombies (Ossuary)
  A leopard gecko skeleton (D:6)
  6 orc zombies (Ossuary)
  9 rats
  A rat zombie (Ossuary)
184 creatures vanquished.

Vanquished Creatures (collateral kills)
  A howler monkey (D:8)
  An orc priest (D:3)
  2 orcs (D:3)
4 creatures vanquished.

Grand Total: 188 creatures vanquished

Notes
Turn   | Place    | Note
-------+----------+-------------------------------------------
     0 | D:1      | MisterFreud the Gnoll Necromancer began the quest for the
                  | Orb.
     0 | D:1      | Reached XP level 1. HP: 13/13 MP: 6/6
    66 | D:1      | Reached XP level 2. HP: 14/19 MP: 5/7
   178 | D:1      | Found a glowing golden altar of the Shining One.
   507 | D:1      | Learned a level 1 spell: Animate Skeleton
   552 | D:1      | Reached XP level 3. HP: 22/25 MP: 6/9
   728 | D:2      | Found a bloodstained altar of Trog.
   754 | D:2      | Reached skill level 5 in Spellcasting
  1183 | D:2      | Found a blossoming altar of Fedhas.
  1343 | D:3      | Found an ancient bone altar of Kikubaaqudgha.
  1388 | D:1      | Learned a level 3 spell: Vampiric Draining
  1392 | D:1      | Learned a level 3 spell: Regeneration
  1478 | D:2      | Reached skill level 1 in Invocations
  1683 | D:3      | Noticed Terence
  1691 | D:3      | Killed Terence
  1691 | D:3      | Reached skill level 1 in Fighting
  1691 | D:3      | Reached skill level 1 in Short Blades
  1691 | D:3      | Reached skill level 1 in Long Blades
  1691 | D:3      | Reached skill level 1 in Axes
  1691 | D:3      | Reached skill level 1 in Maces & Flails
  1691 | D:3      | Reached skill level 1 in Polearms
  1691 | D:3      | Reached skill level 1 in Staves
  1691 | D:3      | Reached skill level 1 in Slings
  1691 | D:3      | Reached skill level 1 in Bows
  1691 | D:3      | Reached skill level 1 in Crossbows
  1691 | D:3      | Reached skill level 1 in Throwing
  1691 | D:3      | Reached skill level 1 in Armour
  1691 | D:3      | Reached skill level 1 in Shields
  1691 | D:3      | Reached skill level 1 in Unarmed Combat
  1691 | D:3      | Reached skill level 1 in Evocations
  1691 | D:3      | Reached XP level 4. HP: 29/32 MP: 7/11
  1912 | D:3      | Reached skill level 1 in Conjurations
  1912 | D:3      | Reached skill level 1 in Hexes
  1912 | D:3      | Reached skill level 1 in Charms
  1912 | D:3      | Reached skill level 1 in Summonings
  1912 | D:3      | Reached skill level 1 in Translocations
  1912 | D:3      | Reached skill level 1 in Transmutations
  1912 | D:3      | Reached skill level 1 in Fire Magic
  1912 | D:3      | Reached skill level 1 in Ice Magic
  1912 | D:3      | Reached skill level 1 in Air Magic
  1912 | D:3      | Reached skill level 1 in Earth Magic
  1912 | D:3      | Reached skill level 1 in Poison Magic
  2038 | D:3      | Reached XP level 5. HP: 31/37 MP: 9/12
  2047 | D:3      | Noticed a centaur
  2059 | D:3      | Killed a centaur
  2198 | D:3      | Reached XP level 6. HP: 25/44 MP: 9/13
  2483 | D:4      | Noticed a phantom
  2503 | D:5      | Entered Level 5 of the Dungeon
  2504 | D:5      | Noticed a phantom
  2624 | D:5      | Noticed an ice beast
  2633 | D:5      | Killed an ice beast
  2633 | D:5      | Reached skill level 5 in Dodging
  3349 | D:4      | Noticed a phantom
  3515 | D:5      | Reached XP level 7. HP: 39/50 MP: 11/15
  3528 | D:5      | Found an ornate altar of the Wu Jian Council.
  3533 | D:5      | Noticed Blork the orc
  3559 | D:5      | Killed Blork the orc
  3579 | D:5      | Noticed Eustachio
  3588 | D:5      | HP: 1/50 [orc priest/divine providence (13)]
  3596 | D:6      | HP: 1/51 [something (6)]
  3620 | D:6      | Found Binaxuh's General Store.
  3908 | D:6      | Bought 3 scrolls of teleportation for 90 gold pieces
  3908 | D:6      | Bought a potion of lignification for 30 gold pieces
  3909 | D:6      | Found a staircase to the Ecumenical Temple.
  3918 | Temple   | Entered the Ecumenical Temple
  4041 | Temple   | Became a worshipper of Ashenzari the Shackled
  4151 | D:6      | Reached skill level 5 in Stealth
  4163 | D:6      | Identified a scroll of acquirement
  4212 | D:6      | Found Cyewkase's Distillery.
  4217 | D:6      | Bought a potion of curing for 39 gold pieces
  4344 | D:6      | Noticed a hornet
  4356 | D:6      | Killed a hornet
  4356 | D:6      | Reached XP level 8. HP: 19/58 MP: 3/16
  4506 | D:6      | Found Bigirus's Distillery.
  4630 | D:6      | Found a hazy altar of Hepliaklqana.
  5127 | D:5      | Found a shadowy altar of Dithmenos.
  5254 | D:5      | Noticed Prince Ribbit
  5391 | D:5      | Killed Prince Ribbit
  5391 | D:5      | Reached XP level 9. HP: 22/65 MP: 11/18
  5453 | D:5      | Killed Eustachio
  6021 | D:7      | Found a sand-covered staircase.
  6026 | Ossuary  | Entered an ossuary
  6520 | Ossuary  | Reached skill level 8 in Necromancy
  7393 | D:8      | Noticed Maurice
  7853 | D:8      | Reached skill level 5 in Invocations
  7873 | D:8      | Noticed a two-headed ogre
  7881 | D:8      | Found a burning altar of Makhleb.
  7885 | D:8      | Slain by a two-headed ogre

Levels and vault maps discovered:
D:1:      minmay_arrival_glassed_features, layout_rooms, tso_altar
D:2:      layout_loops_cross, fedhas_altar_2, overflow_temple_1_default,
          first_ration
D:3:      layout_basic, kiku_gazebo_pond_becter, uniq_terence
D:4:      layout_loops_ring
D:5:      layout_gridville, kennysheep_mini_moat,
          nicolae_dithmenos_shadow_blocks, uniq_blork_the_orc,
          uniq_prince_ribbit1, uniq_eustachio
D:6:      layout_loops_ring, kennysheep_mini, minmay_temple_entry_trees,
          serial_shops, shop, shop, shop
D:7:      layout_loops_ring, enter_ossuary_5
D:8:      layout_basic, kennysheep_little_box, lemuel_doored_altar,
          serial_shops, shop, grunt_ogre_cave, uniq_maurice
Temple:   nicolae_temple_figure_eight

Skill      XL: |  1  2  3  4  5  6  7  8  9 |
---------------+----------------------------+-----
Spellcasting   | 5 6 |  6.8
Invocations    | 1 2 3 4 5 |  5.0
Fighting       | 1 2 3 4 |  4.5
Short Blades   | 1 2 3 4 |  4.5
Long Blades    | 1 2 3 4 |  4.5
Axes           | 1 2 3 4 |  4.5
Maces & Flails | 1 2 3 4 |  4.5
Polearms       | 1 2 3 4 |  4.5
Staves         | 1 2 3 4 |  4.5
Slings         | 1 2 3 4 |  4.5
Bows           | 1 2 3 4 |  4.5
Crossbows      | 1 2 3 4 |  4.5
Throwing       | 1 2 3 4 |  4.5
Armour         | 1 2 3 4 |  4.5
Shields        | 1 2 3 4 |  4.5
Unarmed Combat | 1 2 3 4 |  4.5
Evocations     | 1 2 3 4 |  4.5
Conjurations   | 1 2 3 |  3.7
Hexes          | 1 2 3 |  3.7
Charms         | 1 2 3 |  3.7
Summonings     | 1 2 3 |  3.7
Translocations | 1 2 3 |  3.7
Transmutations | 1 2 3 |  3.7
Fire Magic     | 1 2 3 |  3.7
Ice Magic      | 1 2 3 |  3.7
Air Magic      | 1 2 3 |  3.7
Earth Magic    | 1 2 3 |  3.7
Poison Magic   | 1 2 3 |  3.7
Dodging        | 5 6 |  6.5
Stealth        | 5 6 |  6.2
Necromancy     | 8 |  8.1

Action                   |  1- 3 |  4- 6 |  7- 9 || total
-------------------------+-------+-------+-------++-------
Melee: Unarmed           |    14 |       |       ||    14
       Bite              |     4 |    10 |    80 ||    94
       Short sword       |    25 |   115 |       ||   140
       Club              |     1 |       |       ||     1
       Long sword        |       |     3 |   557 ||   560
       Punch             |       |       |     9 ||     9
 Cast: Pain              |    36 |    13 |     7 ||    56
       Animate Skeleton  |       |     3 |     6 ||     9
       Vampiric Draining |       |     6 |    44 ||    50
       Regeneration      |       |     1 |    11 ||    12
Invok: Curse Item        |       |       |     1 ||     1
  Use: Scroll            |     2 |     4 |     6 ||    12
       Potion            |       |       |     1 ||     1
 Stab: Sleeping          |     6 |     8 |     5 ||    19
  Eat: Chunk             |     2 |     6 |    11 ||    19
       Ration            |       |       |     2 ||     2
Armor: Robe              |    10 |    27 |    94 ||   131
       Skin              |       |       |     2 ||     2
Dodge: Dodged            |    32 |    94 |   451 ||   577
       Rpst.: Long sword |       |     1 |   160 ||   161

Table legend:
 A = Non-vault XP
 B = Vault XP
 C = Vault XP percentage of total XP
 D = Non-vault monster count
 E = Vault monster count
 F = Vault count percentage of total count
                 A         B        C        D         E       F
            +---------+---------+-------+---------+---------+-------
      Total |    3125 |    1073 |  25.6 |     145 |      43 |  22.9
            +---------+---------+-------+---------+---------+-------
        D:1 |      35 |       0 |   0.0 |      17 |       0 |   0.0
        D:2 |      22 |       0 |   0.0 |      12 |       0 |   0.0
        D:3 |     237 |      36 |  13.2 |      23 |       1 |   4.2
        D:4 |     139 |       0 |   0.0 |       7 |       0 |   0.0
        D:5 |     850 |     581 |  40.6 |      32 |       3 |   8.6
        D:6 |     957 |       0 |   0.0 |      26 |       0 |   0.0
        D:7 |     510 |       0 |   0.0 |       9 |       0 |   0.0
        D:8 |     375 |       0 |   0.0 |      19 |       0 |   0.0
    Ossuary |       0 |     456 | 100.0 |       0 |      39 | 100.0
            +---------+---------+-------+---------+---------+-------
